3L
MONTANA PANDAS @ DETROIT RENAISSANCE
09/20/2023
 
TOP OF THE 1ST
Montana Pandas batting - Pitching for Detroit Renaissance : RHP Cris Mendoza
Pitching: RHP Cris Mendoza
Batting: RHB Alan Rosales 0-0: Foul Ball, location: 2F
0-1: Ball
1-1: Ground out 4-3 (Groundball, 4)
Batting: RHB Mike Brown 0-0: Ball
1-0: Ball
2-0: Ball
3-0: Called Strike
3-1: Base on Balls
Batting: LHB Steve Riggs 0-0: Called Strike
0-1: Ball
1-1: Foul Ball, location: 2F
1-2: Foul Ball, location: 2F
1-2: Ball
2-2: Ball
3-2: Strikes out swinging
Batting: RHB Pancho Salaedo 0-0: Ball
1-0: Called Strike
1-1: Ball
2-1: Swinging Strike
2-2: Foul Ball, location: 2F
2-2: Foul Ball, location: 2F
2-2: Ball
3-2: Strikes out looking
Top of the 1st over - 0 run(s), 0 hit(s), 0 error(s), 1 left on base; Montana 0 - Detroit 0
BOTTOM OF THE 1ST
Detroit Renaissance batting - Pitching for Montana Pandas : RHP Han-seung Kim
Pitching: RHP Han-seung Kim
Batting: RHB Kyle Bywaters 0-0: Foul Ball, location: 2F
0-1: Ball
1-1: Ball
2-1: Swinging Strike
2-2: Ball
3-2: Foul Ball, location: 2F
3-2: Fly out, F9 (Flyball, 9LM)
Batting: RHB Bernardo Herrera 0-0: Ball
1-0: Foul Ball, location: 2F
1-1: Ground out U3 (Groundball, 3L)
Batting: RHB Lonnie Conrad 0-0: Ball
1-0: Ball
2-0: Ball
3-0: Called Strike
3-1: Foul Ball, location: 2F
3-2: Base on Balls
Batting: LHB Juan González 0-0: Fly out, F4 (Popup, 4D)
Bottom of the 1st over - 0 run(s), 0 hit(s), 0 error(s), 1 left on base; Montana 0 - Detroit 0
TOP OF THE 2ND
Montana Pandas batting - Pitching for Detroit Renaissance : RHP Cris Mendoza
Batting: SHB José Martínez 0-0: Called Strike
0-1: Foul Ball, location: 2F
0-2: SINGLE (Line Drive, 8RS)
Batting: LHB Mike Pace 0-0: Foul Ball, location: 2F
0-1: SINGLE (Flyball, 9LS)
José Martínez to second
Runner from 2nd tries for 3rd, SAFE, no throw or cutoff
Batting: LHB Pancho Ruíz 0-0: Ball
1-0: Ball
2-0: Ball
3-0: Base on Balls
Mike Pace to second
Batting: RHB Eduardo Sánchez 0-0: Ball
1-0: Ball
2-0: Ball
3-0: Called Strike
3-1: Base on Balls
José Martínez scores
Mike Pace to third
Pancho Ruíz to second
Batting: RHB Dale Carney 0-0: Called Strike
0-1: Ball
1-1: Called Strike
1-2: Ball
2-2: Foul Ball, location: 2F
2-2: Strikes out swinging
Batting: RHB Alan Rosales 0-0: Called Strike
0-1: Swinging Strike
0-2: Strikes out swinging
Batting: RHB Mike Brown 0-0: Called Strike
0-1: Foul Ball, location: 2F
0-2: Ball
1-2: Ball
2-2: SINGLE (Line Drive, 34D)
Mike Pace scores
Pancho Ruíz to third
Eduardo Sánchez to second
Runner from 3rd tries for Home, SAFE, no throw or cutoff
Batting: LHB Steve Riggs 0-0: Ball
1-0: Called Strike
1-1: Swinging Strike
1-2: Strikes out swinging
Top of the 2nd over - 3 run(s), 3 hit(s), 0 error(s), 2 left on base; Montana 3 - Detroit 0
BOTTOM OF THE 2ND
Detroit Renaissance batting - Pitching for Montana Pandas : RHP Han-seung Kim
Batting: LHB Mike Silver 0-0: Ball
1-0: Fly out, F4 (Popup, 4)
Batting: LHB Gregory Johnson 0-0: Ball
1-0: Ground out 6-3 (Groundball, 6)
Batting: LHB Luis Rodríguez 0-0: Foul Ball, location: 2F
0-1: Called Strike
0-2: Ball
1-2: Ball
2-2: Foul Ball, location: 2F
2-2: Foul Ball, location: 2F
2-2: Strikes out looking
Bottom of the 2nd over - 0 run(s), 0 hit(s), 0 error(s), 0 left on base; Montana 3 - Detroit 0
TOP OF THE 3RD
Montana Pandas batting - Pitching for Detroit Renaissance : RHP Cris Mendoza
Batting: RHB Pancho Salaedo 0-0: Ball
1-0: Ball
2-0: Ball
3-0: Base on Balls
Batting: SHB José Martínez 0-0: Ball
1-0: Ball
2-0: Ball
3-0: Called Strike
3-1: Foul Ball, location: 2F
3-2: Strikes out swinging
Batting: LHB Mike Pace 0-0: Ball
1-0: Called Strike
1-1: Ball
2-1: Ball
3-1: Grounds into double play, U4-3 (Groundball, 4M)
Top of the 3rd over - 0 run(s), 0 hit(s), 0 error(s), 0 left on base; Montana 3 - Detroit 0
BOTTOM OF THE 3RD
Detroit Renaissance batting - Pitching for Montana Pandas : RHP Han-seung Kim
Batting: LHB Greg Robinson 0-0: Ball
1-0: Called Strike
1-1: Foul Ball, location: 2F
1-2: Ball
2-2: Ball
3-2: Foul Ball, location: 2F
3-2: SINGLE (Groundball, 34)
Batting: RHB Eric D'Angle 0-0: Called Strike
0-1: Foul Ball, location: 2F
0-2: Ball
1-2: Ball
2-2: Ball
3-2: Ground out 6-3 (Groundball, 6)
Greg Robinson to second
Batting: RHB Kyle Bywaters 0-0: SINGLE (Groundball, 6MD) (infield hit)
Greg Robinson to third
Batting: RHB Bernardo Herrera 0-0: Ball
1-0: Called Strike
Kyle Bywaters is caught stealing 2nd base
1-1: Ball
2-1: Ball
3-1: Foul Ball, location: 2F
3-2: Fly out, F7 (Flyball, 7M)
Bottom of the 3rd over - 0 run(s), 2 hit(s), 0 error(s), 1 left on base; Montana 3 - Detroit 0
TOP OF THE 4TH
Montana Pandas batting - Pitching for Detroit Renaissance : RHP Cris Mendoza
Batting: LHB Pancho Ruíz 0-0: Swinging Strike
0-1: Called Strike
0-2: Ball
1-2: Fly out, F7 (Flyball, 78D)
Batting: RHB Eduardo Sánchez 0-0: Foul Ball, location: 2F
0-1: Called Strike
0-2: Foul Ball, location: 2F
0-2: Ball
1-2: Strikes out swinging
Batting: RHB Dale Carney 0-0: Ball
1-0: Fly out, F8 (Flyball, 8RD)
Top of the 4th over - 0 run(s), 0 hit(s), 0 error(s), 0 left on base; Montana 3 - Detroit 0
BOTTOM OF THE 4TH
Detroit Renaissance batting - Pitching for Montana Pandas : RHP Han-seung Kim
Batting: RHB Lonnie Conrad 0-0: Ball
1-0: Called Strike
1-1: Called Strike
1-2: Ball
2-2: SOLO HOME RUN (Flyball, 7D), Distance : 373 ft
Batting: LHB Juan González 0-0: Ball
1-0: Called Strike
1-1: Called Strike
1-2: Ball
2-2: Ground out 6-3 (Groundball, 6MD)
Batting: LHB Mike Silver 0-0: Ball
1-0: Ball
2-0: Fly out, F7 (Flyball, 7LS)
Batting: LHB Gregory Johnson 0-0: Foul Ball, location: 2F
0-1: Fly out, F7 (Flyball, 7LM)
Bottom of the 4th over - 1 run(s), 1 hit(s), 0 error(s), 0 left on base; Montana 3 - Detroit 1
TOP OF THE 5TH
Montana Pandas batting - Pitching for Detroit Renaissance : RHP Cris Mendoza
Batting: RHB Alan Rosales 0-0: Called Strike
0-1: Ball
1-1: Called Strike
1-2: Ball
2-2: Foul Ball, location: 2F
2-2: Ball
3-2: SOLO HOME RUN (Flyball, 7D), Distance : 372 ft
Batting: RHB Mike Brown 0-0: SINGLE (Flyball, 9LS)
Batting: LHB Steve Riggs 0-0: Ball
1-0: Ball
2-0: Called Strike
2-1: Foul Ball, location: 2F
2-2: Grounds into double play, 4-6-3 (Groundball, 4)
Batting: RHB Pancho Salaedo 0-0: Ball
1-0: Called Strike
1-1: Ball
2-1: Ball
3-1: Base on Balls
Batting: SHB José Martínez 0-0: SINGLE (Line Drive, 8RS)
Pancho Salaedo to second
Batting: LHB Mike Pace 0-0: Ball
1-0: Ball
2-0: Foul Ball, location: 2F
2-1: Ground out 5-3 (Groundball, 56S)
Top of the 5th over - 1 run(s), 3 hit(s), 0 error(s), 2 left on base; Montana 4 - Detroit 1
BOTTOM OF THE 5TH
Detroit Renaissance batting - Pitching for Montana Pandas : RHP Han-seung Kim
Batting: LHB Luis Rodríguez 0-0: Ground out 1-3 (Groundball, 13S)
Batting: LHB Greg Robinson 0-0: Ball
1-0: Ball
2-0: Foul Ball, location: 2F
2-1: Foul Ball, location: 2F
2-2: Ball
3-2: SINGLE (Groundball, 34)
Batting: RHB Eric D'Angle 0-0: Ball
1-0: Ball
2-0: SINGLE (Line Drive, 4D)
Greg Robinson to second
Runner from 2nd tries for 3rd, SAFE, no throw or cutoff
Batting: RHB Kyle Bywaters 0-0: Ball
Eric D'Angle is caught stealing 2nd base
1-0: Fly out, F8 (Flyball, 8LM)
Bottom of the 5th over - 0 run(s), 2 hit(s), 0 error(s), 1 left on base; Montana 4 - Detroit 1
TOP OF THE 6TH
Montana Pandas batting - Pitching for Detroit Renaissance : RHP Cris Mendoza
Batting: LHB Pancho Ruíz 0-0: Ball
1-0: Ground out 4-3 (Groundball, 4)
Batting: RHB Eduardo Sánchez 0-0: Ball
1-0: SINGLE (Line Drive, 8LS)
Pitching: RHP Rafael García
Batting: RHB Dale Carney 0-0: Ball
1-0: Hit by Pitch
Eduardo Sánchez to second
Batting: RHB Alan Rosales 0-0: Foul Ball, location: 2F
0-1: Swinging Strike
0-2: Strikes out swinging
Batting: RHB Mike Brown 0-0: Ball
1-0: Fielders Choice at 2nd, 6-4 (Groundball, 56)
Top of the 6th over - 0 run(s), 1 hit(s), 0 error(s), 1 left on base; Montana 4 - Detroit 1
BOTTOM OF THE 6TH
Detroit Renaissance batting - Pitching for Montana Pandas : RHP Han-seung Kim
Batting: RHB Bernardo Herrera 0-0: Ground out 5-3 (Groundball, 56)
Batting: RHB Lonnie Conrad 0-0: Swinging Strike
0-1: SINGLE (Flyball, 9S)
Batting: LHB Juan González 0-0: Ball
1-0: Ball
2-0: Ball
3-0: Called Strike
3-1: Base on Balls
Lonnie Conrad to second
Pitching: LHP Spike Wells
Batting: LHB Mike Silver 0-0: Ball
1-0: Foul Ball, location: 2F
1-1: Foul Ball, location: 2F
1-2: Ball
2-2: Strikes out swinging
Batting: LHB Gregory Johnson 0-0: Swinging Strike
0-1: Ground out 4-3 (Groundball, 34)
Bottom of the 6th over - 0 run(s), 1 hit(s), 0 error(s), 2 left on base; Montana 4 - Detroit 1
TOP OF THE 7TH
Montana Pandas batting - Pitching for Detroit Renaissance : RHP Rafael García
Batting: LHB Steve Riggs 0-0: Called Strike
0-1: Ball
1-1: Called Strike
1-2: Ball
2-2: Strikes out looking
Batting: RHB Pancho Salaedo 0-0: Called Strike
0-1: Foul Ball, location: 2F
0-2: Ball
1-2: Foul Ball, location: 2F
1-2: Foul Ball, location: 2F
1-2: SINGLE (Groundball, 5D)
Batting: SHB José Martínez 0-0: Ball
1-0: Ball
2-0: Foul Ball, location: 2F
2-1: Ball
3-1: Fly out, F9 (Line Drive, 89M)
Batting: LHB Mike Pace 0-0: Called Strike
0-1: Called Strike
0-2: Ground out U3 (Groundball, 3)
Top of the 7th over - 0 run(s), 1 hit(s), 0 error(s), 1 left on base; Montana 4 - Detroit 1
BOTTOM OF THE 7TH
Detroit Renaissance batting - Pitching for Montana Pandas : LHP Spike Wells
Batting: LHB Luis Rodríguez 0-0: Fly out, F4 (Line Drive, 4)
Batting: LHB Greg Robinson 0-0: Ball
1-0: Called Strike
1-1: Ball
2-1: Foul Ball, location: 2F
2-2: Ground out 4-3 (Groundball, 4M)
Batting: RHB Eric D'Angle 0-0: Foul Ball, location: 2F
0-1: Called Strike
0-2: Foul Ball, location: 2F
0-2: Ball
1-2: Ball
2-2: SINGLE (Line Drive, 4MD)
Batting: RHB Kyle Bywaters 0-0: Called Strike
0-1: Called Strike
0-2: Ball
1-2: Foul Ball, location: 2F
1-2: Ball
Eric D'Angle is caught stealing 2nd base
Bottom of the 7th over - 0 run(s), 1 hit(s), 0 error(s), 0 left on base; Montana 4 - Detroit 1
TOP OF THE 8TH
Montana Pandas batting - Pitching for Detroit Renaissance : RHP Rafael García
Batting: LHB Pancho Ruíz 0-0: Foul Ball, location: 2F
0-1: Ground out 4-3 (Groundball, 34)
Batting: RHB Eduardo Sánchez 0-0: Foul Ball, location: 2F
0-1: Ball
1-1: Ball
2-1: Called Strike
2-2: Ground out 6-3 (Groundball, 6M)
Batting: RHB Dale Carney 0-0: Called Strike
0-1: Ground out 6-3 (Groundball, 6)
Top of the 8th over - 0 run(s), 0 hit(s), 0 error(s), 0 left on base; Montana 4 - Detroit 1
BOTTOM OF THE 8TH
Detroit Renaissance batting - Pitching for Montana Pandas : LHP Spike Wells
Batting: RHB Kyle Bywaters 0-0: Swinging Strike
0-1: Ball
1-1: Ground out 1-3 (Groundball, 13S)
Batting: RHB Bernardo Herrera 0-0: Ball
1-0: Ball
2-0: Swinging Strike
2-1: Foul Ball, location: 2F
2-2: Strikes out looking
Batting: RHB Lonnie Conrad 0-0: Swinging Strike
0-1: Fly out, F9 (Flyball, 9M)
Bottom of the 8th over - 0 run(s), 0 hit(s), 0 error(s), 0 left on base; Montana 4 - Detroit 1
TOP OF THE 9TH
Montana Pandas batting - Pitching for Detroit Renaissance : RHP Rafael García
Batting: RHB Alan Rosales 0-0: SINGLE (Groundball, 6D)
Batting: RHB Mike Brown 0-0: Ball
1-0: Called Strike
1-1: Ball
2-1: Called Strike
2-2: Strikes out looking
Batting: LHB Steve Riggs 0-0: Ball
1-0: Ball
2-0: Called Strike
2-1: Called Strike
2-2: Foul Ball, location: 2F
2-2: Strikes out swinging
Batting: RHB Pancho Salaedo 0-0: Swinging Strike
0-1: Fly out, F9 (Flyball, 89XD)
Top of the 9th over - 0 run(s), 1 hit(s), 0 error(s), 1 left on base; Montana 4 - Detroit 1
BOTTOM OF THE 9TH
Detroit Renaissance batting - Pitching for Montana Pandas : LHP Spike Wells
Pitching: RHP Donald Simmons
Batting: LHB Juan González 0-0: Ball
1-0: SOLO HOME RUN (Flyball, 89XD), Distance : 379 ft
Batting: LHB Mike Silver 0-0: Ball
1-0: Ball
2-0: Called Strike
2-1: Foul Ball, location: 2F
2-2: Ball
3-2: SINGLE (Groundball, 4MD)
Pinch Hitting: LHB Kelly Brown 0-0: TRIPLE (Flyball, 89M)
Mike Silver scores
Batting: LHB Luis Rodríguez 0-0: Ball
1-0: Ball
2-0: Fly out, F7 (Flyball, 7M)
Runner from 3rd tags up, OUT at HOME
Batting: LHB Greg Robinson 0-0: Called Strike
0-1: Foul Ball, location: 2F
0-2: Foul Ball, location: 2F
0-2: SINGLE (Groundball, 6S)
Batting: RHB Eric D'Angle 0-0: Called Strike
0-1: Called Strike
0-2: Ball
1-2: Ball
2-2: Ball
3-2: Base on Balls
Greg Robinson to second
Batting: RHB Kyle Bywaters 0-0: Ground out 4-3 (Groundball, 4)
Bottom of the 9th over - 2 run(s), 4 hit(s), 0 error(s), 2 left on base; Montana 4 - Detroit 3
This league is powered by Out of the Park Baseball, the baseball management simulation game for PC, Mac and Linux
Friday, July 8th, 2016 - OOTP Baseball 16.9 Build 39